 Dungeon Crawl Stone Soup version 0.30-a0-141-g30f27751c5 (webtiles) character file.

Game seed: 15128055483637807078

1849 123456 the Geomancer (level 9, -3/45 HPs)
             Began as a Gargoyle Earth Elementalist on Sept 26, 2022.
             Slain by a manticore (14 damage)
             ... on level 6 of the Dungeon.
             The game lasted 00:11:49 (6690 turns).

123456 the Geomancer (Gargoyle Earth Elementalist)  Turns: 6690, Time: 00:11:49

Health: -3/45      AC: 20    Str: 12    XL:     9   Next: 12%
Magic:  7/18       EV: 12    Int: 23    God:
Gold:   313        SH:  0    Dex: 10    Spells: 10/20 levels left

rFire   . . .      SeeInvis .    w - +0 rapier
rCold   . . .      Faith    .    (no shield)
rNeg    + . .      Spirit   .    a - +0 robe
rPois   ∞          Reflect  .    i - +2 helmet {Int+3}
rElec   +          Harm     .    x - +2 cloak {rCorr}
rCorr   +          Rampage  .    u - +2 pair of gloves
Will    .....                    e - +2 pair of boots
Stlth   +++.......               (no amulet)
HPRegen 0.15/turn                f - ring of resist corrosion
MPRegen 0.16/turn                (no ring)

@: mighty
A: sickness immunity, AC +6, negative energy resistance 1, electricity
resistance, torment resistance 1, petrification resistance
a: no special abilities


You were on level 6 of the Dungeon.
You visited 1 branch of the dungeon, and saw 6 of its levels.
You also visited: Ossuary.

You collected 313 gold pieces.

Inventory:

Hand Weapons
 m - a +1 dagger of electrocution
 w - a +0 rapier (weapon)
Armour
 a - a +0 robe (worn)
 e - a +2 pair of boots (worn)
 i - a +2 helmet of intelligence (worn)
 u - a +2 pair of gloves (worn)
 x - a +2 cloak of preservation (worn)
Jewellery
 f - a ring of resist corrosion (left hand)
 y - an amulet of regeneration
Wands
 l - a wand of iceblast (7)
Scrolls
 c - a scroll of vulnerability
 j - 2 scrolls of amnesia
 o - a scroll of silence
 p - a scroll of magic mapping
 t - 3 scrolls of immolation
Potions
 b - a potion of magic
 g - 3 potions of flight {unknown}
 k - a potion of haste {unknown}
 n - a potion of cancellation {unknown}
 q - a potion of ambrosia {unknown}
 r - 2 potions of might
 s - a potion of lignification {unknown}
 v - a potion of brilliance {unknown}


   Skills:
 + Level 3.9 Dodging
 + Level 5.6 Stealth
 * Level 6.0 Spellcasting
 + Level 4.3 Conjurations
 - Level 0.7 Transmutations
 * Level 8.2 Earth Magic


You had 10 spell levels left.
You knew the following spells:

 Your Spells              Type           Power      Damage    Failure   Level
a - Sandblast             Erth           88%        2d18      1%          1
b - Stone Arrow           Conj/Erth      70%        3d11      1%          3
c - Mephitic Cloud        Conj/Pois/Air  13%        N/A       14%         3
d - Ignite Poison         Fire/Tmut/Pois 8%         N/A       24%         3

Your spell library contained the following spells:

 Spells                   Type           Power      Damage    Failure   Level
 Passwall                 Tmut/Erth      22%        N/A       1%          2
 Beastly Appendage        Tmut           20%        N/A       6%          1
 Wereblood                Tmut           10%        N/A       10%         2
 Petrify                  Tmut/Erth      27%        N/A       13%         4
 Spider Form              Tmut/Pois      8%         N/A       22%         3
 Summon Guardian Golem    Hex/Summ       6%         N/A       26%         3
 Cause Fear               Hex            3%         N/A       63%         4
 Dispel Undead            Necr           6%         3d8       63%         4
 Freezing Cloud           Conj/Ice/Air   6%         6-21      78%         5
 Death Channel            Necr           3%         N/A       100%        6
 Dragon Form              Tmut           5%         N/A       100%        7
 Orb of Destruction       Conj           13%        9d7       100%        7
 Spellforged Servitor     Conj/Summ      8%         N/A       100%        7
 Dragon's Call            Summ           3%         N/A       100%        9
 Cigotuvi's Dreadful Rot  Necr/Pois/Air  Unusable   N/A       N/A         2

Dungeon Overview and Level Annotations

Branches:
Dungeon (6/15)            Ossuary (visited)
 Temple: D:4-7

Altars:
Ru
Wu Jian

Shops:
D:3 :   D:5 *


Innate Abilities, Weirdness & Mutations

You are immune to sickness and miasma.
Your stone body is resilient. (AC +6)
You are immune to poison.
You resist negative energy. (rN+)
You are resistant to electric shocks. (rElec)
You are resistant to unholy torment.
You are immune to petrification.


Message History

The bullfrog barely misses you. The hound barely misses you.
The adder barely misses you.
The kobold brigand hits you with a +0 short sword.
* * * LOW HITPOINT WARNING * * *
The manticore bites you but does no damage.
The manticore claws you but does no damage.
The manticore barely misses you.
Casting: Stone Arrow (safe; 1% risk of failure)
Confirm with . or Enter, or press ? or * to list all spells.
Aiming: Stone Arrow (safe; 1% risk of failure)
Press: ? - help, Shift-Dir - straight line, f/p - manticore
Aim: a manticore (severely wounded, 84% to hit)
The stone arrow hits the manticore!
The manticore is almost dead.
You carefully extract the barbed spikes from your body.
The bullfrog barely misses you. The hound closely misses you.
The adder misses you. The bullfrog hits you.
* * * LOW HITPOINT WARNING * * *
The kobold brigand hits you but does no damage.
The hound closely misses you. The manticore closely misses you.
The manticore claws you but does no damage. x2
The adder barely misses you.
Unknown command.
You feel better.
The bullfrog hits you but does no damage.
The hound misses you. The adder closely misses you.
The kobold brigand hits you but does no damage.
The manticore closely misses you.
The manticore claws you but does no damage. x2
It was a potion of might.
You feel very mighty all of a sudden. The bullfrog completely misses you.
The hound misses you. The adder bites you but does no damage.
The bullfrog hits you but does no damage.
An ice beast comes into view.
You hear a distant slurping noise.
The hound bites you.
* * * LOW HITPOINT WARNING * * *
The kobold brigand barely misses you. The manticore bites you!
You die...

.#...#. ........#
#...#.... ..#$#..#
###########. .#...#.#
#...........
.......###.##.....##
..#YlT............#
.#.#KFSS#.##......#
#...#@#.#.##......#
......hH#S#.##......#
.......D#o#T##......####
######.#...5##..........
......†...............
.###......##...##.....
.....#.#†ho..........
..###.#.#.#.######.### .
#.#.#h#o+ #....


You could see a manticore, a troll, an acid dragon, an ice beast, a kobold
brigand, a bullfrog, an iguana, a hound and 2 adders.

Vanquished Creatures
  Sigmund (D:2)
  2 ice beasts
  3 ogres
  A centaur (D:6)
  A necrophage (D:4)
  4 scorpions
  An elf skeleton (D:5)
  A howler monkey (D:5)
  2 centaur zombies (Ossuary)
  A hound (D:6)
  2 human zombies (Ossuary)
  3 orc priests
  Crazy Yiuf (D:5)
  4 iguanas
  Ijyb (D:5)
  2 human skeletons (D:5)
  3 orc wizards
  2 mummies (Ossuary)
  8 adders
  3 gnolls (D:5)
  2 river rats (D:3)
  A shadow imp (D:6)
  2 adder zombies (Ossuary)
  A worm (D:2)
  A dart slug (D:4)
  20 orcs
  3 endoplasms
  3 giant cockroaches
  13 goblins
  6 hobgoblins
  2 jackals (D:3)
  A quokka (D:1)
  2 ball pythons
  5 bats
  6 frilled lizards
  2 goblin zombies (Ossuary)
  14 hobgoblin zombies (Ossuary)
  2 jackal zombies (Ossuary)
  8 kobolds
  6 kobold zombies (Ossuary)
  3 orc skeletons (D:5)
  7 orc zombies (Ossuary)
  6 rats
162 creatures vanquished.

Vanquished Creatures (others)
  A fungus (D:5)
  3 plants (D:2)
4 creatures vanquished.

Grand Total: 166 creatures vanquished

Notes
Turn   | Place    | Note
-------+----------+-------------------------------------------
     0 | D:1      | 123456 the Gargoyle Earth Elementalist began the quest for
                  | the Orb.
     0 | D:1      | Reached XP level 1. HP: 10/10 MP: 3/3
    35 | D:1      | You fall into a shaft and drop 1 floor!
    66 | D:2      | Reached XP level 2. HP: 10/15 MP: 0/5
   172 | D:1      | Reached skill level 4 in Earth Magic
   498 | D:1      | Found a faded altar of an unknown god.
   911 | D:1      | Reached XP level 3. HP: 19/19 MP: 3/6
   915 | D:1      | Learned a level 3 spell: Stone Arrow
  1407 | D:2      | Reached XP level 4. HP: 24/24 MP: 4/8
  1795 | D:2      | Noticed Sigmund
  1798 | D:2      | Killed Sigmund
  1799 | D:2      | Reached skill level 1 in Conjurations
  1799 | D:2      | Reached skill level 5 in Earth Magic
  1799 | D:2      | Reached XP level 5. HP: 28/28 MP: 1/10
  1799 | D:2      | Reached XP level 6. HP: 32/32 MP: 1/11
  2264 | D:3      | Found Rosetath's Book Emporium.
  3355 | D:4      | Noticed an ice beast
  3477 | D:4      | Killed an ice beast
  3583 | D:3      | Reached XP level 7. HP: 29/36 MP: 5/13
  3791 | D:4      | Reached skill level 6 in Earth Magic
  3975 | D:4      | Learned a level 3 spell: Mephitic Cloud
  3979 | D:4      | Learned a level 3 spell: Ignite Poison
  4300 | D:4      | Found an ornate altar of the Wu Jian Council.
  4864 | D:5      | Entered Level 5 of the Dungeon
  4940 | D:5      | Found a sand-covered staircase.
  5007 | Ossuary  | Entered an ossuary
  5235 | Ossuary  | Reached XP level 8. HP: 41/41 MP: 11/15
  5569 | D:5      | Noticed Ijyb
  5570 | D:5      | Reached skill level 7 in Earth Magic
  5572 | D:5      | Reached skill level 5 in Spellcasting
  5599 | D:5      | Killed Ijyb
  5600 | D:5      | Reached skill level 5 in Stealth
  5919 | D:5      | Found Hahos's Assorted Antiques.
  6125 | D:5      | Found a sacrificial altar of Ru.
  6407 | D:5      | Found a runed translucent door.
  6408 | D:5      | Noticed Crazy Yiuf
  6412 | D:5      | Killed Crazy Yiuf
  6627 | D:6      | Reached skill level 8 in Earth Magic
  6627 | D:6      | Reached XP level 9. HP: 36/45 MP: 12/17
  6634 | D:6      | Noticed a manticore
  6671 | D:6      | Noticed a troll
  6690 | D:6      | Slain by a manticore

Illustrated notes

Levels and vault maps discovered:
D:1:      sevenhm_arrival_forest_fort_small_4, layout_basic,
          hellmonk_ecumenical_altar_heavens_door
D:2:      layout_basic, serial_forest, infiniplex_forest_clump_double,
          infiniplex_forest_lined_3, infiniplex_forest_fountain,
          infiniplex_forest_end_2, infiniplex_forest_clump_cross,
          infiniplex_forest_clump_long, infiniplex_forest_lined_2,
          infiniplex_forest_diagonal, uniq_sigmund
D:3:      minmay_door_path, layout_loops_corners, serial_shops,
          nicolae_shop_hallway_plus, cheibrodos_sewer_entry_sluice
D:4:      layout_basic, lemuel_crystal_altar
D:5:      old_forge, layout_cave_pools, nicolae_ru_great_annihilating_truth,
          nicolae_ossuary_entry_catacombs, serial_shops, shop,
          item_on_display_a, uniq_ijyb, uniq_crazy_yiuf_cottage
D:6:      cheibrodos_fzero, layout_basic, general_overflow_altar,
          lemuel_doored_altar, minmay_temple_entry_from_below_a

Skill      XL: |  1  2  3  4  5  6  7  8  9 |
---------------+----------------------------+-----
Earth Magic    | 4 5 6 8 |  8.2
Dodging        | 2 3 |  3.9
Stealth        | 3 4 5 |  5.6
Spellcasting   | 3 4 5 6 |  6.0
Conjurations   | 1 2 3 4 |  4.3
Transmutations | |  0.7

Action                   |  1- 3 |  4- 6 |  7- 9 || total
-------------------------+-------+-------+-------++-------
Melee: Short sword       |       |     1 |       ||     1
       Dagger            |       |     5 |    43 ||    48
       Rapier            |       |       |    11 ||    11
 Cast: Sandblast         |    36 |    50 |   144 ||   230
       Stone Arrow       |       |     5 |    11 ||    16
       Mephitic Cloud    |       |       |     2 ||     2
       Ignite Poison     |       |       |     1 ||     1
  Use: Scroll            |       |     3 |    10 ||    13
       Potion            |       |       |     6 ||     6
Armor: Robe              |     6 |    11 |   132 ||   149
Dodge: Dodged            |     6 |    21 |   187 ||   214

Table legend: (Time is in decaauts)
 A = Elapsed time spent in this place.
 B = Non-inter-level travel time spent in this place.
 C = Inter-level travel time spent in this place.
 D = Time resting spent in this place.
 E = Time spent auto-exploring this place.
 F = Levels seen in this place.
 G = Mean time per level.
                   A        B        C        D        E       F      G
               +--------+--------+--------+--------+--------+-----+--------+
         Total |   6806 |   6639 |    167 |    686 |   4809 |   7 |  972.3 |
       Dungeon |   6237 |   6070 |    167 |    592 |   4479 |   6 | 1039.5 |
       Ossuary |    569 |    569 |      0 |     94 |    330 |   1 |  569.0 |
               +--------+--------+--------+--------+--------+-----+--------+

Top non-repeatable levels by time:
     D:3: 1497 daAuts
     D:2: 1271 daAuts
     D:4: 1262 daAuts
     D:5: 1161 daAuts
     D:1: 891 daAuts
 Ossuary: 569 daAuts
     D:6: 152 daAuts
